 Dungeon Crawl Stone Soup version 0.28-a0-1213-g0243856f03 (webtiles) character file.

Game seed: 12125731090631115990

826 siradein the Conjurer (level 7, 0/36 HPs)
             Began as a Deep Elf Conjurer on Dec 21, 2021.
             Slain by a sky beast (6 damage)
             ... on level 5 of the Dungeon.
             The game lasted 00:14:19 (5521 turns).

siradein the Conjurer (Deep Elf Conjurer)           Turns: 5521, Time: 00:14:20

Health: 0/36       AC:  8    Str:  4    XL:     7   Next: 64%
Magic:  15/18      EV:  9    Int: 25    God:
Gold:   155        SH:  0    Dex: 13    Spells: 2/18 levels left

rFire   . . .      SeeInvis .   q - +4 long sword (vorpal)
rCold   . . .      Faith    .   (no shield)
rNeg    . . .      Spirit   .   h - +0 swamp dragon scales
rPois   +          Reflect  .   (no helmet)
rElec   .          Harm     .   (no cloak)
rCorr   .          Rampage  .   c - +0 pair of gloves
Will    .....                   (no boots)
Stlth   +.........              (no amulet)
HPRegen 0.12/turn               (no ring)
MPRegen 0.16/turn               (no ring)

@: no status effects
A: no striking features
a: no special abilities


You were on level 5 of the Dungeon.
You visited 2 branches of the dungeon, and saw 6 of its levels.

You collected 155 gold pieces.

Inventory:

Hand Weapons
 q - a +4 vorpal long sword (weapon)
Armour
 c - a +0 pair of gloves (worn)
 h - +0 swamp dragon scales (worn)
Wands
 k - a wand of iceblast (6)
Scrolls
 a - a scroll of enchant weapon {unknown}
 b - a scroll of holy word {unknown}
 i - 2 scrolls of identify {unknown}
 l - a scroll of enchant armour {unknown}
 m - a scroll of amnesia {unknown}
 o - 2 scrolls of teleportation {unknown}
Potions
 d - 2 potions of curing {unknown}
 e - a potion of cancellation {unknown}
 f - a potion of magic {unknown}
 g - a potion of lignification {unknown}
 j - 2 potions of ambrosia {unknown}
 n - a potion of might {unknown}


   Skills:
 + Level 5.6 Dodging
 - Level 2.4 Stealth
 + Level 6.3 Spellcasting
 + Level 6.4 Conjurations
 + Level 4.3 Hexes
 + Level 2.7 Translocations


You had 2 spell levels left.
You knew the following spells:

 Your Spells              Type           Power      Damage    Failure   Level
a - Magic Dart            Conj           100%       1d8       3%          1
b - Searing Ray           Conj           78%        2d7       4%          2
c - Dazzling Flash        Conj/Hex       68%        N/A       14%         3
d - Fulminant Prism       Conj/Hex       17%        3d11      43%         4
e - Iskenderun's Mystic   Conj/Tloc      30%        2d8       56%         4
f - Blink                 Tloc           42%        N/A       22%         2

Your spell library contained the following spells:

 Spells                   Type           Power      Damage    Failure   Level
 Lesser Beckoning         Tloc           21%        N/A       41%         3
 Summon Guardian Golem    Hex/Summ       18%        N/A       50%         3
 Manifold Assault         Tloc           21%        N/A       99%         5
 Orb of Destruction       Conj           19%        9d9       100%        7
 Spellforged Servitor     Conj/Summ      11%        N/A       100%        7


Dungeon Overview and Level Annotations

Branches:
Dungeon (5/15)             Temple (1/1) D:5

Altars:
Ashenzari
Cheibriados
Gozag
Hepliaklqana
Kikubaaqudgha
Makhleb
Nemelex Xobeh
Okawaru
Ru
Sif Muna
Trog
Uskayaw
Wu Jian
Xom
Yredelemnul
Zin

Annotations:
D:5 Eustachio


Message History

The searing ray hits the sky beast.
The sky beast is moderately wounded.
The searing ray hits the centaur zombie!
The centaur zombie is almost destroyed. (Press . to maintain the ray.)
The searing ray hits the sky beast.
The sky beast is heavily wounded.
The searing ray hits the centaur zombie!
You destroy the centaur zombie!
The sky beast hits you. The sky beast shocks you.
* * * LOW HITPOINT WARNING * * *
The searing ray misses the sky beast.
The sky beast hits you.
* * * LOW HITPOINT WARNING * * *
The sky beast shocks you.
* * * LOW HITPOINT WARNING * * *
The sky beast hits you but does no damage.
There is a stone staircase leading up here.
The sky beast flickers out of sight!
Deactivating autopickup; reactivate with Ctrl-A.
A sky beast appears from thin air!
Reactivating autopickup.
The sky beast flickers out of sight!
Deactivating autopickup; reactivate with Ctrl-A.
Casting: Searing Ray (safe; 4% risk of failure)
Confirm with . or Enter, or press ? or * to list all spells.
Aiming: Searing Ray (safe; 4% risk of failure)
Press: ? - help, Shift-Dir - straight line, f - phantom
Aim: a phantom (heavily damaged, 73% to hit)
The searing ray hits something.
The searing ray misses the phantom. (Press . to maintain the ray.)
Something hits you but does no damage.
Things that are here:
a +0 flail; a +0 ring mail; an orc corpse
Things that are here:
a +0 whip; an orc corpse
There is a staircase to the Ecumenical Temple here.
Something hits you.
* * * LOW HITPOINT WARNING * * *
Something shocks you.
You die...

######8#####.###
### #.# #.# #.#
#.# ###########
#W# #.........#
#.# #.#######.#
#.#####.#####
#.#
##.@.........#
#.#
##...####.###.#
#.# #.....#
#.###.###.#
##...##
#.##...##.#
#.####...#
#.........###
#.....#.#
####.........
#.####...#
#.........##.
##'###
#.........##.
##...##
#......<..##.


You could see a phantom.

Vanquished Creatures
  Sigmund (D:3)
  An orc warrior (D:3)
  An ogre (D:4)
  The ghost of Dialtes the Insei, an amateur DgTm (D:4)
  A scorpion (D:5)
  A centaur zombie (D:5)
  A jelly (D:4)
  An iguana (D:5)
  An orc priest (D:3)
  Terence (D:3)
  2 orc wizards (D:3)
  5 adders
  An adder zombie (D:5)
  A worm (D:2)
  3 dart slugs
  11 orcs
  6 endoplasms
  13 giant cockroaches
  7 goblins
  5 hobgoblins
  12 jackals
  5 kobolds
  3 quokkas
  5 ball pythons
  5 bats
  3 frilled lizards
97 creatures vanquished.

Notes
Turn   | Place    | Note
-------+----------+-------------------------------------------
     0 | D:1      | siradein the Deep Elf Conjurer began the quest for the Orb.
     0 | D:1      | Reached XP level 1. HP: 10/10 MP: 6/6
   244 | D:1      | Reached XP level 2. HP: 15/15 MP: 6/8
   247 | D:1      | Learned a level 2 spell: Searing Ray
   692 | D:1      | Reached XP level 3. HP: 19/19 MP: 7/10
  1202 | D:2      | Reached skill level 5 in Conjurations
  1356 | D:2      | Reached XP level 4. HP: 24/24 MP: 10/12
  1360 | D:2      | Learned a level 3 spell: Dazzling Flash
  1365 | D:2      | Learned a level 4 spell: Fulminant Prism
  1704 | D:2      | Found a faded altar of an unknown god.
  2384 | D:3      | Reached skill level 1 in Hexes
  2789 | D:3      | Noticed Sigmund
  2794 | D:3      | Killed Sigmund
  2795 | D:3      | Reached skill level 5 in Spellcasting
  2795 | D:3      | Reached XP level 5. HP: 21/28 MP: 5/14
  2795 | D:3      | Reached XP level 6. HP: 24/32 MP: 5/15
  2800 | D:3      | Learned a level 4 spell: Iskenderun's Mystic Blast
  3050 | D:3      | Noticed an orc warrior
  3168 | D:3      | Killed an orc warrior
  3169 | D:3      | Reached skill level 1 in Translocations
  3311 | D:3      | Noticed Terence
  3319 | D:3      | Killed Terence
  3320 | D:3      | Reached skill level 5 in Dodging
  3829 | D:4      | Learned a level 2 spell: Blink
  4111 | D:4      | Found a runed translucent gate.
  4111 | D:4      | Found a runed translucent gate.
  4112 | D:4      | Found a runed translucent gate.
  4113 | D:4      | Noticed Dialtes's ghost (amateur DgTm)
  4131 | D:4      | Killed Dialtes's ghost
  4132 | D:4      | Reached XP level 7. HP: 20/36 MP: 8/17
  4689 | D:5      | Entered Level 5 of the Dungeon
  4868 | D:5      | Noticed Eustachio
  5084 | D:5      | Found a staircase to the Ecumenical Temple.
  5114 | Temple   | Entered the Ecumenical Temple
  5521 | D:5      | Slain by a sky beast

Illustrated notes

Levels and vault maps discovered:
D:1:      dpeg_arrival_tiny_d, layout_loops_ring, minmay_worlds_worst_comb
D:2:      wander_river, layout_basic,
          dreamdust_ecumenical_altar_angels_and_demons, serial_bayou_pond_d,
          chequers_hall_statues_wall_a, minmay_hexomino_f4
D:3:      minmay_skewed_foursquare, layout_basic, uniq_terence, uniq_sigmund
D:4:      minmay_evil_eye, layout_loops_ring, ebering_ghost_rock_garden
D:5:      layout_loops_corners, temple_statues, uniq_crazy_yiuf_cottage,
          uniq_eustachio
Temple:   nicolae_temple_elliptical

Skill      XL: |  1  2  3  4  5  6  7 |
---------------+----------------------+-----
Dodging        | 3 4 5 |  5.6
Spellcasting   | 4 5 6 |  6.3
Conjurations   | 5 6 |  6.4
Hexes          | 2 3 4 |  4.3
Translocations | 2 |  2.7
Stealth        | |  2.4

Action                   |  1- 3 |  4- 6 |  7- 9 || total
-------------------------+-------+-------+-------++-------
Melee: Unarmed           |       |     1 |       ||     1
       Long sword        |       |       |     2 ||     2
 Cast: Magic Dart        |    74 |    65 |    35 ||   174
       Searing Ray       |       |    14 |     8 ||    22
       Dazzling Flash    |       |       |     1 ||     1
Armor: Swamp dragon scal |       |     4 |    13 ||    17
Dodge: Dodged            |     7 |     4 |     8 ||    19

Table legend: (Time is in decaauts)
 A = Elapsed time spent in this place.
 B = Non-inter-level travel time spent in this place.
 C = Inter-level travel time spent in this place.
 D = Time resting spent in this place.
 E = Time spent auto-exploring this place.
 F = Levels seen in this place.
 G = Mean time per level.
                   A        B        C        D        E       F      G
               +--------+--------+--------+--------+--------+-----+--------+
         Total |   5528 |   5397 |    131 |     99 |   4497 |   6 |  921.3 |
       Dungeon |   5302 |   5194 |    108 |     99 |   4310 |   5 | 1060.4 |
        Temple |    225 |    202 |     23 |      0 |    187 |   1 |  225.0 |
               +--------+--------+--------+--------+--------+-----+--------+

Top non-repeatable levels by time:
     D:1: 1224 daAuts
     D:4: 1219 daAuts
     D:3: 1214 daAuts
     D:2: 1162 daAuts
     D:5: 481 daAuts
  Temple: 225 daAuts
